Oilers vs Red Wings
(R1)
Created - July 26, 2022 at 06:54
Goals
|
| Oilers |
0 |
1 |
0 |
0 |
1 |
| Red Wings |
0 |
0 |
1 |
1 |
2 |
|
Shots
|
| Oilers |
12 |
14 |
15 |
0 |
41 |
| Red Wings |
6 |
8 |
8 |
2 |
24 |
|
1st period
No Goal
Penalties :
Philip Samuelsson (Det) for Holding Stick (Minor) at 10:38, Nino Niederreiter (Det) for Roughing (Minor) at 18:39
2nd period
1. Oilers , Cam Barker 3 (Jake Gardiner 14) at 12:04
Penalties :
Nino Niederreiter (Det) for Hooking (Minor) at 4:56, Nino Niederreiter (Det) for Tripping (Minor) at 12:39
3rd period
2. Red Wings , Nino Niederreiter 11 (Marko Dano 12, Jiri Fischer 7) at 12:41
Penalties :
Mike Richards (Det) for Unsportsmanlike conduct (Minor) at 0:22, Tye McGinn (Det) for Holding (Minor) at 6:22, Mike Richards (Det) for Interference (Minor) at 9:36
Overtime #1
3. Red Wings , Mike Richards 2 (Connor Brown 9, Kris Versteeg 3) at 1:08
Penalties :
No Penalty
Goalie Stats
James Reimer (Edm), 22 saves from 24 shots - (0.917), OTL, 4-3-1, 61:08 minutes
Robin Lehner (Det), 40 saves from 41 shots - (0.976), W, 8-2-1, 61:08 minutes
Players Stats for Oilers
Player Name G A P +/- PIM S H SB GA TA FO MP PP MP PK MP
------------------------------------------------------------------------------------
Alex Galchenyuk 0 0 0 0 0 6 1 1 1 0 0/1 23:06 7:11 0:00
Cam Barker 1 0 1 0 0 1 2 1 0 3 0/0 25:19 7:27 0:00
Connor McDavid 0 0 0 0 0 2 3 0 2 0 3/10 19:23 6:14 0:00
Conor Sheary 0 0 0 0 0 0 0 0 0 0 1/1 10:04 0:00 0:00
Darnell Nurse 0 0 0 0 0 0 0 0 1 0 0/0 14:57 0:00 0:00
Duncan Keith 0 0 0 -1 0 1 2 0 0 0 0/0 12:40 0:00 0:00
Evander Kane 0 0 0 0 0 10 4 0 2 0 0/1 23:39 6:21 0:00
Jake Gardiner 0 1 1 0 0 1 0 1 1 2 0/0 26:07 6:26 0:00
Jussi Jokinen 0 0 0 0 0 1 2 0 0 0 0/0 11:24 0:16 0:00
Leon Draisaitl 0 0 0 0 0 3 6 0 0 0 1/1 18:22 6:14 0:00
Maxim Lapierre 0 0 0 -1 0 2 2 0 0 0 1/4 8:26 0:00 0:00
Nail Yakupov 0 0 0 -1 0 1 1 0 0 0 0/0 8:44 0:19 0:00
Patrice Bergeron 0 0 0 0 0 2 3 0 0 0 8/17 16:20 0:38 0:00
Rasmus Ristolainen 0 0 0 0 0 3 1 1 1 0 0/0 21:52 7:27 0:00
Ryan Nugent-Hopkins 0 0 0 0 0 2 0 0 1 0 11/20 17:49 7:13 0:00
Ted Purcell 0 0 0 -1 0 2 1 0 0 0 0/0 8:16 0:00 0:00
Tobias Enstrom 0 0 0 -1 0 3 0 1 0 0 0/0 20:13 6:26 0:00
Tyler Toffoli 0 0 0 0 0 1 1 1 0 0 0/0 18:59 7:13 0:00
Players Stats for Red Wings
Player Name G A P +/- PIM S H SB GA TA FO MP PP MP PK MP
------------------------------------------------------------------------------------
Carson Mcmillan 0 0 0 0 0 2 2 0 1 0 0/0 17:47 0:00 8:03
Connor Brown 0 1 1 1 0 2 0 0 1 0 2/2 12:54 0:00 0:00
Drew Fata 0 0 0 1 0 2 2 0 0 0 0/0 23:42 0:00 8:32
Dylan Larkin 0 0 0 0 0 1 1 0 1 1 5/5 10:06 0:00 0:34
Henrik Zetterberg 0 0 0 1 0 0 1 1 0 2 7/15 14:59 0:00 0:00
Jakub Kindl 0 0 0 0 0 1 0 1 0 0 0/0 14:08 0:00 0:29
Jiri Fischer 0 1 1 0 0 0 1 3 0 0 0/0 13:47 0:00 0:25
Jordin Tootoo 0 0 0 -1 0 2 0 0 0 0 0/1 7:23 0:00 0:00
Kris Versteeg 0 1 1 1 0 1 2 0 0 0 7/15 21:58 0:00 8:07
Marko Dano 0 1 1 1 0 3 1 1 0 1 0/1 18:39 0:00 1:07
Michael Haley 0 0 0 -1 0 1 4 2 0 1 0/0 12:05 0:00 4:34
Mike Richards 1 0 1 1 4 2 0 0 0 1 4/7 12:39 0:00 0:00
Nino Niederreiter 1 0 1 1 6 5 0 1 0 1 1/1 18:49 0:00 0:47
Ole-Kristian Tollefsen 0 0 0 1 0 0 0 0 1 1 0/0 20:40 0:00 5:21
Philip Samuelsson 0 0 0 0 2 0 3 4 0 1 0/0 22:43 0:00 4:27
Ryan O'Byrne 0 0 0 0 0 0 2 3 0 0 0/0 26:52 0:00 8:32
T.J. Hensick 0 0 0 -1 0 1 0 0 1 0 3/7 11:58 0:00 4:34
Tye McGinn 0 0 0 0 2 1 1 0 0 0 1/1 10:31 0:00 0:00
3 Stars
1 - Robin Lehner (Det)
2 - Cam Barker (Edm)
3 - Kris Versteeg (Det)
Power Play
Oilers - 0 on 7 Attempt(s) - 0.00%
Red Wings - 0 on 0 Attempt(s) - 0.00%
Penalty Kill
Oilers - 0 on 0 Attempt(s) - 0.00%
- Score 0 goal in Penalty Kill
Red Wings - 7 on 7 Attempt(s) - 100.00%
- Score 0 goal in Penalty Kill
Team Stat
Oilers - Hits : 29 - Faceoff Wins : 25 - Blocked Shots : 6 - Penalty Minutes : 0
Red Wings - Hits : 20 - Faceoff Wins : 30 - Blocked Shots : 16 - Penalty Minutes : 14
Official
Referees : Gord Dwyer and Jon McIsaac
Linesman : Devin Berg and Andrew Smith
Game Notes
No Game Note
Finance
Level 1 -- Attendance: 6000 (100.00%) -- Ticket Income $600,000
Level 2 -- Attendance: 5000 (100.00%) -- Ticket Income $300,000
Level 3 -- Attendance: 2000 (100.00%) -- Ticket Income $70,000
Level 4 -- Attendance: 4000 (100.00%) -- Ticket Income $100,000
Luxury Box -- Attendance: 1000 (100.00%) -- Ticket Income $200,000
Game was played at the Little Caesars arena.
Total Attendance: 18000 (100.00%)
Total Ticket Income: $1,270,000
Other Income: $190,500
Total Income: $1,460,500
Oilers
5 vs 5 Forward
Center Left Wing Right Wing Time % Phy DF OF
1 Patrice Bergeron Alex Galchenyuk Evander Kane 40 1 2 2
2 Connor McDavid Jussi Jokinen Tyler Toffoli 30 1 2 2
3 Ryan Nugent-Hopkins Leon Draisaitl Conor Sheary 20 1 2 2
4 Maxim Lapierre Ted Purcell Nail Yakupov 10 1 2 2
5 vs 5 Defense
Defense Defense Time % Phy DF OF
1 Jake Gardiner Cam Barker 40 1 2 2
2 Darnell Nurse Rasmus Ristolainen 30 1 2 2
3 Tobias Enstrom Duncan Keith 20 1 2 2
4 Jake Gardiner Cam Barker 10 1 2 2
PowerPlay Forward
Center Left Wing Right Wing Time % Phy DF OF
1 Ryan Nugent-Hopkins Alex Galchenyuk Tyler Toffoli 60 1 2 2
2 Connor McDavid Leon Draisaitl Evander Kane 40 1 2 2
PowerPlay Defense
Defense Defense Time % Phy DF OF
1 Rasmus Ristolainen Cam Barker 60 1 2 2
2 Tobias Enstrom Jake Gardiner 40 1 2 2
Penalty Kill 4 Players Forward
Center Wing Time % Phy DF OF
1 Patrice Bergeron Alex Galchenyuk 60 1 2 2
2 Connor McDavid Jussi Jokinen 40 1 2 2
Penalty Kill 4 Players Defense
Defense Defense Time % Phy DF OF
1 Jake Gardiner Cam Barker 60 1 2 2
2 Darnell Nurse Rasmus Ristolainen 40 1 2 2
Penalty Kill - 3 Players Forward
Forward Time % Phy DF OF
1 Patrice Bergeron 60 1 2 2
2 Connor McDavid 40 1 2 2
Penalty Kill - 3 Players Defense
Defense Defense Time % Phy DF OF
1 Jake Gardiner Cam Barker 60 1 2 2
2 Darnell Nurse Rasmus Ristolainen 40 1 2 2
4 vs 4 Forward
Center Wing Time % Phy DF OF
1 Patrice Bergeron Alex Galchenyuk 60 1 2 2
2 Connor McDavid Jussi Jokinen 40 1 2 2
4 vs 4 Defense
Defense Defense Time % Phy DF OF
1 Jake Gardiner Cam Barker 60 1 2 2
2 Darnell Nurse Rasmus Ristolainen 40 1 2 2
Last Minutes Offensive
Center Left Wing Right Wing Defense Defense
Patrice Bergeron Alex Galchenyuk Evander Kane Jake Gardiner Cam Barker
Last Minutes Defensive
Center Left Wing Right Wing Defense Defense
Patrice Bergeron Alex Galchenyuk Evander Kane Jake Gardiner Cam Barker
Goaltenders
Starting : James Reimer
Backup : Jonas Hiller
Extra Forwards
Normal : Patrice Bergeron, Connor McDavid, Leon Draisaitl - PP : Patrice Bergeron, Connor McDavid - PK : Patrice Bergeron
Extra Defensemen
Normal : Rasmus Ristolainen, Tobias Enstrom, Duncan Keith - PP : Rasmus Ristolainen - PK : Rasmus Ristolainen, Tobias Enstrom
Penalty Shots
Evander Kane, Alex Galchenyuk, Tyler Toffoli, Jussi Jokinen, Patrice Bergeron
Scratches
Andy Rogers (Healthy), Jordan Caron (Healthy)
Red Wings
5 vs 5 Forward
Center Left Wing Right Wing Time % Phy DF OF
1 Henrik Zetterberg Marko Dano Nino Niederreiter 40 1 2 2
2 Mike Richards Kris Versteeg Connor Brown 30 1 2 2
3 Dylan Larkin Tye McGinn Carson Mcmillan 20 1 2 2
4 T.J. Hensick Michael Haley Jordin Tootoo 10 1 2 2
5 vs 5 Defense
Defense Defense Time % Phy DF OF
1 Philip Samuelsson Ryan O'Byrne 40 1 2 2
2 Drew Fata Ole-Kristian Tollefsen 30 1 2 2
3 Jakub Kindl Jiri Fischer 20 1 2 2
4 Jakub Kindl Jiri Fischer 10 1 2 2
PowerPlay Forward
Center Left Wing Right Wing Time % Phy DF OF
1 Henrik Zetterberg Marko Dano Nino Niederreiter 60 2 1 2
2 Mike Richards Kris Versteeg Connor Brown 40 2 1 2
PowerPlay Defense
Defense Defense Time % Phy DF OF
1 Philip Samuelsson Drew Fata 60 1 2 2
2 Dylan Larkin Ole-Kristian Tollefsen 40 1 2 2
Penalty Kill 4 Players Forward
Center Wing Time % Phy DF OF
1 Kris Versteeg Carson Mcmillan 60 0 4 1
2 T.J. Hensick Michael Haley 40 0 4 1
Penalty Kill 4 Players Defense
Defense Defense Time % Phy DF OF
1 Ryan O'Byrne Drew Fata 60 1 4 0
2 Philip Samuelsson Ole-Kristian Tollefsen 40 1 4 0
Penalty Kill - 3 Players Forward
Forward Time % Phy DF OF
1 Carson Mcmillan 60 1 4 0
2 Michael Haley 40 1 4 0
Penalty Kill - 3 Players Defense
Defense Defense Time % Phy DF OF
1 Ole-Kristian Tollefsen Ryan O'Byrne 60 0 5 0
2 Philip Samuelsson Drew Fata 40 0 5 0
4 vs 4 Forward
Center Wing Time % Phy DF OF
1 Henrik Zetterberg Marko Dano 55 1 2 2
2 Nino Niederreiter Connor Brown 45 1 2 2
4 vs 4 Defense
Defense Defense Time % Phy DF OF
1 Philip Samuelsson Ole-Kristian Tollefsen 60 1 2 2
2 Drew Fata Jiri Fischer 40 1 2 2
Last Minutes Offensive
Center Left Wing Right Wing Defense Defense
Henrik Zetterberg Marko Dano Nino Niederreiter Philip Samuelsson Connor Brown
Last Minutes Defensive
Center Left Wing Right Wing Defense Defense
T.J. Hensick Michael Haley Carson Mcmillan Ryan O'Byrne Drew Fata
Goaltenders
Starting : Robin Lehner
Backup : Mike McKenna
Extra Forwards
Normal : Dylan Larkin, Connor Brown, Nino Niederreiter - PP : T.J. Hensick, Carson Mcmillan - PK : Nino Niederreiter
Extra Defensemen
Normal : Philip Samuelsson, Drew Fata, Ryan O'Byrne - PP : Jiri Fischer - PK : Jiri Fischer, Jakub Kindl
Penalty Shots
Kris Versteeg, Dylan Larkin, Marko Dano, Nino Niederreiter, Carson Mcmillan
Scratches
David Krejci (Healthy), David Rundblad (Healthy), Ryane Clowe (Healthy)
% Time on Ice - Oilers
Lines # - Real PCT - Wanted PCT - Time Play
Normal Forward
1 - 31% - 40% - 14:36
2 - 28% - 30% - 13:15
3 - 19% - 20% - 9:03
4 - 22% - 10% - 10:21
Normal Defense
1 - 34% - 40% - 15:53
2 - 37% - 30% - 17:35
3 - 22% - 20% - 10:30
4 - 7% - 10% - 3:17
PP Forward
1 - 55% - 60% - 7:39
2 - 45% - 40% - 6:14
PP Defense
1 - 54% - 60% - 7:27
2 - 46% - 40% - 6:26
PK Forward
1 - 0% - 60%
2 - 0% - 40%
PK Defense
1 - 0% - 60%
2 - 0% - 40%
PK3 Forward
1 - 0% - 60%
2 - 0% - 40%
PK3 Defense
1 - 0% - 60%
2 - 0% - 40%
44 Forward
1 - 0% - 60%
2 - 0% - 40%
44 Defense
1 - 0% - 60%
2 - 0% - 40%
Last Minute Offensive - 0:00
Last Minute Defensive - 0:00
Total
Forward - 61:08
Defense - 61:08
|
% Time on Ice - Red Wings
Lines # - Real PCT - Wanted PCT - Time Play
Normal Forward
1 - 39% - 40% - 18:13
2 - 27% - 30% - 12:36
3 - 19% - 20% - 9:12
4 - 15% - 10% - 7:14
Normal Defense
1 - 41% - 40% - 19:15
2 - 30% - 30% - 13:58
3 - 20% - 20% - 9:37
4 - 9% - 10% - 4:25
PP Forward
1 - 0% - 60%
2 - 0% - 40%
PP Defense
1 - 0% - 60%
2 - 0% - 40%
PK Forward
1 - 67% - 60% - 9:19
2 - 33% - 40% - 4:34
PK Defense
1 - 61% - 60% - 8:32
2 - 39% - 40% - 5:21
PK3 Forward
1 - 0% - 60%
2 - 0% - 40%
PK3 Defense
1 - 0% - 60%
2 - 0% - 40%
44 Forward
1 - 0% - 55%
2 - 0% - 45%
44 Defense
1 - 0% - 60%
2 - 0% - 40%
Last Minute Offensive - 0:00
Last Minute Defensive - 0:00
Total
Forward - 61:08
Defense - 61:08
|
Play-by-Play
1st period
0:01 of 1st period - Nino Niederreiter wins face-off versus Patrice Bergeron in neutral zone.
0:04 of 1st period - Cam Barker is hit by Ryan O'Byrne and loses puck.
0:17 of 1st period - Slapshot by Jake Gardiner.
0:17 of 1st period - Stopped by Robin Lehner with a rebound.
0:35 of 1st period - Slapshot by Evander Kane.
0:35 of 1st period - Stopped by Robin Lehner without a rebound.
0:36 of 1st period - Dylan Larkin wins face-off versus Connor McDavid in Red Wings zone.
0:51 of 1st period - Snap shot by Carson Mcmillan.
0:51 of 1st period - Stopped by James Reimer without a rebound.
0:52 of 1st period - T.J. Hensick wins face-off versus Ryan Nugent-Hopkins in Oilers zone.
0:55 of 1st period - Wrist shot by Jordin Tootoo.
0:55 of 1st period - Stopped by James Reimer with a rebound.
1:25 of 1st period - Snap shot by Maxim Lapierre.
1:25 of 1st period - Shot Misses the Net.
2:29 of 1st period - Cam Barker is hit by Philip Samuelsson and loses puck.
2:40 of 1st period - Wrist shot by Ryan Nugent-Hopkins.
2:40 of 1st period - Stopped by Robin Lehner with a rebound.
3:25 of 1st period - Wrist shot by Mike Richards.
3:25 of 1st period - Shot Blocked by Rasmus Ristolainen.
3:37 of 1st period - Jussi Jokinen is hit by Jiri Fischer and loses puck.
3:42 of 1st period - Snap shot by Dylan Larkin.
3:42 of 1st period - Shot Misses the Net.
3:44 of 1st period - Snap shot by Dylan Larkin.
3:44 of 1st period - Shot Misses the Net.
3:46 of 1st period - Slapshot by Drew Fata.
3:46 of 1st period - Stopped by James Reimer with a rebound.
3:58 of 1st period - Drew Fata is hit by Evander Kane and loses puck.
4:59 of 1st period - Carson Mcmillan is hit by Patrice Bergeron and loses puck.
5:08 of 1st period - Cam Barker is hit by Philip Samuelsson and loses puck.
5:27 of 1st period - Snap shot by Marko Dano.
5:27 of 1st period - Deflect By Ryan Nugent-Hopkins.
5:27 of 1st period - Stopped by James Reimer with a rebound.
5:55 of 1st period - Wrist shot by Maxim Lapierre.
5:55 of 1st period - Shot Blocked by Jiri Fischer.
5:57 of 1st period - Snap shot by Ted Purcell.
5:57 of 1st period - Shot Misses the Net.
6:14 of 1st period - Jiri Fischer is hit by Connor McDavid and loses puck.
7:21 of 1st period - Slapshot by Jordin Tootoo.
7:21 of 1st period - Stopped by James Reimer without a rebound.
7:22 of 1st period - Patrice Bergeron wins face-off versus Henrik Zetterberg in Oilers zone.
7:33 of 1st period - Slapshot by Evander Kane.
7:33 of 1st period - Stopped by Robin Lehner without a rebound.
7:34 of 1st period - Henrik Zetterberg wins face-off versus Evander Kane in Red Wings zone.
8:04 of 1st period - Wrist shot by Nail Yakupov.
8:04 of 1st period - Shot Blocked by Philip Samuelsson.
8:12 of 1st period - Philip Samuelsson is hit by Nail Yakupov and loses puck.
8:29 of 1st period - Jakub Kindl is hit by Jussi Jokinen and loses puck.
8:36 of 1st period - Snap shot by Jussi Jokinen.
8:36 of 1st period - Stopped by Robin Lehner with a rebound.
8:50 of 1st period - Wrist shot by Evander Kane.
8:50 of 1st period - Stopped by Robin Lehner with a rebound.
8:52 of 1st period - Slapshot by Darnell Nurse.
8:52 of 1st period - Shot Blocked by Jiri Fischer.
9:09 of 1st period - Icing by Darnell Nurse.
9:10 of 1st period - Leon Draisaitl wins face-off versus Jordin Tootoo in Oilers zone.
9:49 of 1st period - Snap shot by Mike Richards.
9:49 of 1st period - Shot Misses the Net.
10:28 of 1st period - Snap shot by Ted Purcell.
10:28 of 1st period - Shot Misses the Net.
10:30 of 1st period - Snap shot by Duncan Keith.
10:30 of 1st period - Shot Misses the Net.
10:32 of 1st period - Wrist shot by Duncan Keith.
10:32 of 1st period - Stopped by Robin Lehner with a rebound.
10:38 of 1st period - Minor Penalty to Philip Samuelsson for Holding Stick.
10:39 of 1st period - Ryan Nugent-Hopkins wins face-off versus Kris Versteeg in Red Wings zone.
12:14 of 1st period - Slapshot by Ole-Kristian Tollefsen.
12:14 of 1st period - Shot Blocked by Tyler Toffoli.
12:16 of 1st period - Snap shot by T.J. Hensick.
12:16 of 1st period - Shot Hit the Post.
12:38 of 1st period - Penalty to Philip Samuelsson is over, Philip Samuelsson is back on ice.
12:44 of 1st period - Wrist shot by Maxim Lapierre.
12:44 of 1st period - Shot Misses the Net.
12:46 of 1st period - Snap shot by Ted Purcell.
12:46 of 1st period - Shot Blocked by Henrik Zetterberg.
12:48 of 1st period - Wrist shot by Ted Purcell.
12:48 of 1st period - Stopped by Robin Lehner with a rebound.
12:50 of 1st period - Slapshot by Duncan Keith.
12:50 of 1st period - Shot Blocked by Nino Niederreiter.
12:52 of 1st period - Snap shot by Duncan Keith.
12:52 of 1st period - Shot Misses the Net.
12:54 of 1st period - Slapshot by Duncan Keith.
12:54 of 1st period - Deflect By Maxim Lapierre.
12:54 of 1st period - Shot Blocked by Jakub Kindl.
12:54 of 1st period - Puck is out of play.
12:55 of 1st period - Connor Brown wins face-off versus Maxim Lapierre in Red Wings zone.
13:41 of 1st period - Slapshot by Tobias Enstrom.
13:41 of 1st period - Shot Blocked by Marko Dano.
13:43 of 1st period - Slapshot by Tobias Enstrom.
13:43 of 1st period - Shot Misses the Net.
13:45 of 1st period - Slapshot by Tobias Enstrom.
13:45 of 1st period - Stopped by Robin Lehner without a rebound.
13:46 of 1st period - Ryan Nugent-Hopkins wins face-off versus Mike Richards in Red Wings zone.
14:13 of 1st period - Slapshot by Alex Galchenyuk.
14:13 of 1st period - Stopped by Robin Lehner without a rebound.
14:14 of 1st period - Patrice Bergeron wins face-off versus Marko Dano in Red Wings zone.
14:19 of 1st period - Snap shot by Evander Kane.
14:19 of 1st period - Shot Misses the Net.
14:21 of 1st period - Snap shot by Alex Galchenyuk.
14:21 of 1st period - Shot Misses the Net.
14:23 of 1st period - Snap shot by Rasmus Ristolainen.
14:23 of 1st period - Shot Misses the Net.
14:25 of 1st period - Snap shot by Alex Galchenyuk.
14:25 of 1st period - Shot Misses the Net.
14:27 of 1st period - Snap shot by Evander Kane.
14:27 of 1st period - Shot Misses the Net.
14:29 of 1st period - Wrist shot by Evander Kane.
14:29 of 1st period - Stopped by Robin Lehner without a rebound.
14:30 of 1st period - Connor Brown wins face-off versus Connor McDavid in Red Wings zone.
14:30 of 1st period - Connor Brown is hit by Jussi Jokinen.
14:36 of 1st period - Jake Gardiner is hit by Kris Versteeg and loses puck.
14:47 of 1st period - Snap shot by Kris Versteeg.
14:47 of 1st period - Deflect By Mike Richards.
14:47 of 1st period - Shot Blocked by Cam Barker.
14:47 of 1st period - Puck is out of play.
14:48 of 1st period - Patrice Bergeron wins face-off versus Henrik Zetterberg in Oilers zone.
14:48 of 1st period - Patrice Bergeron is hit by Ryan O'Byrne.
16:13 of 1st period - Wrist shot by Dylan Larkin.
16:13 of 1st period - Stopped by James Reimer with a rebound.
17:00 of 1st period - Snap shot by Carson Mcmillan.
17:00 of 1st period - Shot Misses the Net.
17:06 of 1st period - Jiri Fischer is hit by Evander Kane.
17:16 of 1st period - Snap shot by Jake Gardiner.
17:16 of 1st period - Shot Blocked by Jiri Fischer.
17:22 of 1st period - Jussi Jokinen is hit by Michael Haley.
18:12 of 1st period - Icing by Connor Brown.
18:13 of 1st period - Dylan Larkin wins face-off versus Connor McDavid in Red Wings zone.
18:23 of 1st period - Dylan Larkin is hit by Connor McDavid and loses puck.
18:39 of 1st period - Minor Penalty to Nino Niederreiter for Roughing.
18:40 of 1st period - Kris Versteeg wins face-off versus Ryan Nugent-Hopkins in Red Wings zone.
18:45 of 1st period - Wrist shot by Alex Galchenyuk.
18:45 of 1st period - Stopped by Robin Lehner without a rebound.
18:46 of 1st period - Kris Versteeg wins face-off versus Ryan Nugent-Hopkins in Red Wings zone.
18:57 of 1st period - Rasmus Ristolainen is hit by Carson Mcmillan and loses puck.
Goals for this period are 0 for Oilers vs 0 for Red Wings.
Shots for this period are 12 for Oilers vs 6 for Red Wings.
2nd period
0:01 of 2nd period - Ryan Nugent-Hopkins wins face-off versus Kris Versteeg in neutral zone.
0:26 of 2nd period - Leon Draisaitl is hit by Michael Haley and loses puck.
0:31 of 2nd period - Snap shot by Michael Haley.
0:31 of 2nd period - Shot Misses the Net.
0:33 of 2nd period - Wrist shot by Michael Haley.
0:33 of 2nd period - Stopped by James Reimer without a rebound.
0:34 of 2nd period - Ryan Nugent-Hopkins wins face-off versus Kris Versteeg in Oilers zone.
0:39 of 2nd period - Penalty to Nino Niederreiter is over, Nino Niederreiter is back on ice.
0:39 of 2nd period - Ryan Nugent-Hopkins is hit by Philip Samuelsson and loses puck.
0:47 of 2nd period - Philip Samuelsson is hit by Alex Galchenyuk and loses puck.
1:05 of 2nd period - Snap shot by Maxim Lapierre.
1:05 of 2nd period - Stopped by Robin Lehner with a rebound.
1:49 of 2nd period - Icing by Darnell Nurse.
1:50 of 2nd period - Ryan Nugent-Hopkins wins face-off versus Mike Richards in Oilers zone.
2:01 of 2nd period - Slapshot by Kris Versteeg.
2:01 of 2nd period - Stopped by James Reimer without a rebound.
2:02 of 2nd period - Patrice Bergeron wins face-off versus Henrik Zetterberg in Oilers zone.
2:45 of 2nd period - Slapshot by Rasmus Ristolainen.
2:45 of 2nd period - Deflect By Connor Brown.
2:45 of 2nd period - Stopped by Robin Lehner with a rebound.
2:51 of 2nd period - Wrist shot by Alex Galchenyuk.
2:51 of 2nd period - Deflect By Jiri Fischer.
2:51 of 2nd period - Stopped by Robin Lehner without a rebound.
2:52 of 2nd period - Mike Richards wins face-off versus Connor McDavid in Red Wings zone.
3:23 of 2nd period - Snap shot by Connor Brown.
3:23 of 2nd period - Stopped by James Reimer with a rebound.
3:25 of 2nd period - Wrist shot by Mike Richards.
3:25 of 2nd period - Stopped by James Reimer without a rebound.
3:26 of 2nd period - Conor Sheary wins face-off versus Henrik Zetterberg in Oilers zone.
3:53 of 2nd period - Philip Samuelsson is hit by Patrice Bergeron.
3:57 of 2nd period - Darnell Nurse is hit by Carson Mcmillan and loses puck.
4:02 of 2nd period - Wrist shot by Dylan Larkin.
4:02 of 2nd period - Deflect By Carson Mcmillan.
4:02 of 2nd period - Shot Blocked by Alex Galchenyuk.
4:02 of 2nd period - Puck is out of play.
4:03 of 2nd period - Henrik Zetterberg wins face-off versus Connor McDavid in Oilers zone.
4:04 of 2nd period - Wrist shot by Nino Niederreiter.
4:04 of 2nd period - Shot Misses the Net.
4:53 of 2nd period - Wrist shot by Ted Purcell.
4:53 of 2nd period - Stopped by Robin Lehner without a rebound.
4:54 of 2nd period - Henrik Zetterberg wins face-off versus Connor McDavid in Red Wings zone.
4:56 of 2nd period - Minor Penalty to Nino Niederreiter for Hooking.
4:57 of 2nd period - Kris Versteeg wins face-off versus Ryan Nugent-Hopkins in Red Wings zone.
5:07 of 2nd period - Snap shot by Carson Mcmillan.
5:07 of 2nd period - Shot Misses the Net.
5:23 of 2nd period - Ryan O'Byrne is hit by Evander Kane and loses puck.
5:28 of 2nd period - Snap shot by Leon Draisaitl.
5:28 of 2nd period - Stopped by Robin Lehner without a rebound.
5:29 of 2nd period - Ryan Nugent-Hopkins wins face-off versus Kris Versteeg in Red Wings zone.
5:54 of 2nd period - Jake Gardiner is hit by Michael Haley and loses puck.
6:56 of 2nd period - Penalty to Nino Niederreiter is over, Nino Niederreiter is back on ice.
7:20 of 2nd period - Ryan O'Byrne is hit by Maxim Lapierre and loses puck.
7:55 of 2nd period - Jiri Fischer is hit by Patrice Bergeron and loses puck.
8:42 of 2nd period - Slapshot by Nino Niederreiter.
8:42 of 2nd period - Shot Blocked by Jake Gardiner.
9:13 of 2nd period - Cam Barker is hit by Michael Haley.
9:40 of 2nd period - Icing by Ted Purcell.
9:41 of 2nd period - Tye McGinn wins face-off versus Maxim Lapierre in Oilers zone.
9:44 of 2nd period - Wrist shot by Tye McGinn.
9:44 of 2nd period - Stopped by James Reimer without a rebound.
9:45 of 2nd period - Dylan Larkin wins face-off versus Patrice Bergeron in Oilers zone.
10:09 of 2nd period - Icing by Tye McGinn.
10:10 of 2nd period - Connor McDavid wins face-off versus Henrik Zetterberg in Red Wings zone.
10:11 of 2nd period - Snap shot by Tyler Toffoli.
10:11 of 2nd period - Shot Misses the Net.
10:27 of 2nd period - Wrist shot by Tyler Toffoli.
10:27 of 2nd period - Deflect By Connor McDavid.
10:27 of 2nd period - Stopped by Robin Lehner with a rebound.
10:37 of 2nd period - Jake Gardiner is hit by Marko Dano and loses puck.
11:05 of 2nd period - Snap shot by Ole-Kristian Tollefsen.
11:05 of 2nd period - Deflect By Nino Niederreiter.
11:05 of 2nd period - Stopped by James Reimer without a rebound.
11:06 of 2nd period - Mike Richards wins face-off versus Patrice Bergeron in Oilers zone.
11:07 of 2nd period - Wrist shot by Kris Versteeg.
11:07 of 2nd period - Shot Blocked by Tobias Enstrom.
11:54 of 2nd period - Slapshot by T.J. Hensick.
11:54 of 2nd period - Stopped by James Reimer without a rebound.
11:55 of 2nd period - T.J. Hensick wins face-off versus Patrice Bergeron in Oilers zone.
11:56 of 2nd period - Wrist shot by Jordin Tootoo.
11:56 of 2nd period - Shot Misses the Net.
12:04 of 2nd period - Slapshot by Cam Barker.
12:04 of 2nd period - Goal by Cam Barker - Oilers : 1 - Red Wings : 0.
12:05 of 2nd period - Henrik Zetterberg wins face-off versus Patrice Bergeron in neutral zone.
12:12 of 2nd period - Snap shot by Nino Niederreiter.
12:12 of 2nd period - Stopped by James Reimer without a rebound.
12:13 of 2nd period - Henrik Zetterberg wins face-off versus Patrice Bergeron in Oilers zone.
12:39 of 2nd period - Minor Penalty to Nino Niederreiter for Tripping.
12:40 of 2nd period - Ryan Nugent-Hopkins wins face-off versus Kris Versteeg in Red Wings zone.
12:46 of 2nd period - Snap shot by Tyler Toffoli.
12:46 of 2nd period - Deflect By Drew Fata.
12:46 of 2nd period - Shot Misses the Net.
12:46 of 2nd period - Puck is out of play.
12:47 of 2nd period - Ryan Nugent-Hopkins wins face-off versus Kris Versteeg in Red Wings zone.
13:25 of 2nd period - Snap shot by Alex Galchenyuk.
13:25 of 2nd period - Stopped by Robin Lehner without a rebound.
13:26 of 2nd period - Connor McDavid wins face-off versus T.J. Hensick in Red Wings zone.
14:32 of 2nd period - Wrist shot by Evander Kane.
14:32 of 2nd period - Stopped by Robin Lehner with a rebound.
14:39 of 2nd period - Penalty to Nino Niederreiter is over, Nino Niederreiter is back on ice.
15:06 of 2nd period - Snap shot by Evander Kane.
15:06 of 2nd period - Stopped by Robin Lehner with a rebound.
15:14 of 2nd period - Wrist shot by Connor McDavid.
15:14 of 2nd period - Shot Misses the Net.
15:16 of 2nd period - Slapshot by Tobias Enstrom.
15:16 of 2nd period - Stopped by Robin Lehner with a rebound.
15:34 of 2nd period - Slapshot by Connor McDavid.
15:34 of 2nd period - Stopped by Robin Lehner with a rebound.
15:36 of 2nd period - Slapshot by Leon Draisaitl.
15:36 of 2nd period - Stopped by Robin Lehner with a rebound.
16:02 of 2nd period - Snap shot by Connor McDavid.
16:02 of 2nd period - Shot Misses the Net.
16:24 of 2nd period - Wrist shot by Leon Draisaitl.
16:24 of 2nd period - Shot Misses the Net.
16:26 of 2nd period - Snap shot by Evander Kane.
16:26 of 2nd period - Stopped by Robin Lehner without a rebound.
16:27 of 2nd period - Dylan Larkin wins face-off versus Maxim Lapierre in Red Wings zone.
17:40 of 2nd period - Tyler Toffoli is hit by Dylan Larkin and loses puck.
Goals for this period are 1 for Oilers vs 0 for Red Wings.
Shots for this period are 14 for Oilers vs 8 for Red Wings.
3rd period
0:01 of 3rd period - Mike Richards wins face-off versus Patrice Bergeron in neutral zone.
0:06 of 3rd period - Slapshot by Kris Versteeg.
0:06 of 3rd period - Shot Misses the Net.
0:22 of 3rd period - Minor Penalty to Mike Richards for Unsportsmanlike conduct.
0:23 of 3rd period - Kris Versteeg wins face-off versus Ryan Nugent-Hopkins in Red Wings zone.
0:36 of 3rd period - Snap shot by Alex Galchenyuk.
0:36 of 3rd period - Shot Misses the Net.
1:00 of 3rd period - Slapshot by Rasmus Ristolainen.
1:00 of 3rd period - Stopped by Robin Lehner without a rebound.
1:01 of 3rd period - Connor McDavid wins face-off versus T.J. Hensick in Red Wings zone.
1:06 of 3rd period - Wrist shot by Evander Kane.
1:06 of 3rd period - Stopped by Robin Lehner without a rebound.
1:07 of 3rd period - Kris Versteeg wins face-off versus Ryan Nugent-Hopkins in Red Wings zone.
1:40 of 3rd period - Slapshot by Tobias Enstrom.
1:40 of 3rd period - Deflect By Leon Draisaitl.
1:40 of 3rd period - Shot Blocked by Ryan O'Byrne.
1:40 of 3rd period - Puck is out of play.
1:41 of 3rd period - Ryan Nugent-Hopkins wins face-off versus T.J. Hensick in Red Wings zone.
1:56 of 3rd period - Snap shot by Alex Galchenyuk.
1:56 of 3rd period - Stopped by Robin Lehner with a rebound.
2:06 of 3rd period - Ole-Kristian Tollefsen is hit by Leon Draisaitl and loses puck.
2:22 of 3rd period - Penalty to Mike Richards is over, Mike Richards is back on ice.
2:35 of 3rd period - Philip Samuelsson is hit by Ted Purcell and loses puck.
2:52 of 3rd period - Snap shot by Darnell Nurse.
2:52 of 3rd period - Shot Misses the Net.
3:28 of 3rd period - Connor Brown is hit by Leon Draisaitl and loses puck.
4:54 of 3rd period - Slapshot by Ryan Nugent-Hopkins.
4:54 of 3rd period - Stopped by Robin Lehner with a rebound.
4:56 of 3rd period - Slapshot by Duncan Keith.
4:56 of 3rd period - Shot Misses the Net.
4:58 of 3rd period - Slapshot by Duncan Keith.
4:58 of 3rd period - Shot Blocked by Philip Samuelsson.
5:00 of 3rd period - Snap shot by Tobias Enstrom.
5:00 of 3rd period - Stopped by Robin Lehner without a rebound.
5:01 of 3rd period - Patrice Bergeron wins face-off versus Henrik Zetterberg in Red Wings zone.
5:06 of 3rd period - Slapshot by Alex Galchenyuk.
5:06 of 3rd period - Deflect By Patrice Bergeron.
5:06 of 3rd period - Stopped by Robin Lehner with a rebound.
5:14 of 3rd period - Snap shot by Jakub Kindl.
5:14 of 3rd period - Shot Misses the Net.
5:16 of 3rd period - Slapshot by Jakub Kindl.
5:16 of 3rd period - Stopped by James Reimer without a rebound.
5:17 of 3rd period - Mike Richards wins face-off versus Connor McDavid in Oilers zone.
5:38 of 3rd period - Tyler Toffoli is hit by Kris Versteeg and loses puck.
6:22 of 3rd period - Minor Penalty to Tye McGinn for Holding.
6:23 of 3rd period - Ryan Nugent-Hopkins wins face-off versus Kris Versteeg in Red Wings zone.
6:53 of 3rd period - Wrist shot by Leon Draisaitl.
6:53 of 3rd period - Shot Misses the Net.
6:55 of 3rd period - Snap shot by Evander Kane.
6:55 of 3rd period - Shot Blocked by Michael Haley.
6:57 of 3rd period - Slapshot by Jake Gardiner.
6:57 of 3rd period - Shot Blocked by Ryan O'Byrne.
6:59 of 3rd period - Snap shot by Leon Draisaitl.
6:59 of 3rd period - Stopped by Robin Lehner without a rebound.
7:00 of 3rd period - Kris Versteeg wins face-off versus Ryan Nugent-Hopkins in Red Wings zone.
7:09 of 3rd period - Slapshot by Rasmus Ristolainen.
7:09 of 3rd period - Stopped by Robin Lehner with a rebound.
7:11 of 3rd period - Slapshot by Alex Galchenyuk.
7:11 of 3rd period - Stopped by Robin Lehner without a rebound.
7:12 of 3rd period - Ryan Nugent-Hopkins wins face-off versus Kris Versteeg in Red Wings zone.
7:25 of 3rd period - Wrist shot by Tyler Toffoli.
7:25 of 3rd period - Shot Misses the Net.
7:39 of 3rd period - Drew Fata is hit by Leon Draisaitl and loses puck.
7:44 of 3rd period - Slapshot by Leon Draisaitl.
7:44 of 3rd period - Shot Blocked by Ryan O'Byrne.
8:22 of 3rd period - Penalty to Tye McGinn is over, Tye McGinn is back on ice.
8:47 of 3rd period - Marko Dano is hit by Leon Draisaitl and loses puck.
9:12 of 3rd period - Philip Samuelsson is hit by Evander Kane and loses puck.
9:27 of 3rd period - Snap shot by Evander Kane.
9:27 of 3rd period - Stopped by Robin Lehner without a rebound.
9:28 of 3rd period - Maxim Lapierre wins face-off versus Mike Richards in Red Wings zone.
9:36 of 3rd period - Minor Penalty to Mike Richards for Interference.
9:37 of 3rd period - Kris Versteeg wins face-off versus Ryan Nugent-Hopkins in Red Wings zone.
10:03 of 3rd period - Carson Mcmillan is hit by Cam Barker and loses puck.
10:12 of 3rd period - Wrist shot by Tyler Toffoli.
10:12 of 3rd period - Stopped by Robin Lehner without a rebound.
10:13 of 3rd period - T.J. Hensick wins face-off versus Ryan Nugent-Hopkins in Red Wings zone.
11:36 of 3rd period - Penalty to Mike Richards is over, Mike Richards is back on ice.
11:43 of 3rd period - Ole-Kristian Tollefsen is hit by Connor McDavid and loses puck.
12:02 of 3rd period - Carson Mcmillan is hit by Rasmus Ristolainen and loses puck.
12:41 of 3rd period - Wrist shot by Nino Niederreiter.
12:41 of 3rd period - Goal by Nino Niederreiter - Oilers : 1 - Red Wings : 1.
12:42 of 3rd period - Patrice Bergeron wins face-off versus Henrik Zetterberg in neutral zone.
12:45 of 3rd period - Nino Niederreiter is hit by Duncan Keith.
12:53 of 3rd period - Wrist shot by Marko Dano.
12:53 of 3rd period - Stopped by James Reimer without a rebound.
12:54 of 3rd period - Henrik Zetterberg wins face-off versus Alex Galchenyuk in Oilers zone.
13:28 of 3rd period - Wrist shot by Jussi Jokinen.
13:28 of 3rd period - Shot Blocked by Philip Samuelsson.
13:30 of 3rd period - Wrist shot by Connor McDavid.
13:30 of 3rd period - Shot Blocked by Philip Samuelsson.
13:42 of 3rd period - Philip Samuelsson is hit by Duncan Keith and loses puck.
13:53 of 3rd period - Wrist shot by Maxim Lapierre.
13:53 of 3rd period - Stopped by Robin Lehner with a rebound.
13:55 of 3rd period - Slapshot by Rasmus Ristolainen.
13:55 of 3rd period - Deflect By Nail Yakupov.
13:55 of 3rd period - Stopped by Robin Lehner with a rebound.
14:27 of 3rd period - Mike Richards is hit by Cam Barker and loses puck.
14:52 of 3rd period - Henrik Zetterberg is hit by Leon Draisaitl and loses puck.
15:59 of 3rd period - Jiri Fischer is hit by Leon Draisaitl and loses puck.
16:37 of 3rd period - Off-side.
16:38 of 3rd period - Patrice Bergeron wins face-off versus T.J. Hensick in neutral zone.
16:47 of 3rd period - Snap shot by Alex Galchenyuk.
16:47 of 3rd period - Shot Misses the Net.
16:49 of 3rd period - Wrist shot by Patrice Bergeron.
16:49 of 3rd period - Shot Misses the Net.
16:51 of 3rd period - Slapshot by Patrice Bergeron.
16:51 of 3rd period - Stopped by Robin Lehner with a rebound.
16:53 of 3rd period - Snap shot by Patrice Bergeron.
16:53 of 3rd period - Shot Blocked by Michael Haley.
17:03 of 3rd period - Cam Barker is hit by Drew Fata and loses puck.
17:10 of 3rd period - Wrist shot by Dylan Larkin.
17:10 of 3rd period - Shot Misses the Net.
17:12 of 3rd period - Slapshot by Carson Mcmillan.
17:12 of 3rd period - Stopped by James Reimer with a rebound.
17:14 of 3rd period - Slapshot by Drew Fata.
17:14 of 3rd period - Stopped by James Reimer with a rebound.
17:31 of 3rd period - Snap shot by Nino Niederreiter.
17:31 of 3rd period - Stopped by James Reimer without a rebound.
17:32 of 3rd period - Dylan Larkin wins face-off versus Patrice Bergeron in Oilers zone.
18:02 of 3rd period - Snap shot by Marko Dano.
18:02 of 3rd period - Stopped by James Reimer with a rebound.
18:18 of 3rd period - Cam Barker is hit by Drew Fata and loses puck.
18:45 of 3rd period - Snap shot by Tyler Toffoli.
18:45 of 3rd period - Shot Misses the Net.
18:53 of 3rd period - Jussi Jokinen is hit by Tye McGinn and loses puck.
19:04 of 3rd period - Snap shot by Nino Niederreiter.
19:04 of 3rd period - Stopped by James Reimer without a rebound.
19:05 of 3rd period - Henrik Zetterberg wins face-off versus Patrice Bergeron in Oilers zone.
19:12 of 3rd period - Snap shot by Evander Kane.
19:12 of 3rd period - Stopped by Robin Lehner with a rebound.
19:44 of 3rd period - Alex Galchenyuk is hit by Henrik Zetterberg and loses puck.
Goals for this period are 0 for Oilers vs 1 for Red Wings.
Shots for this period are 15 for Oilers vs 8 for Red Wings.
Overtime #1
0:01 of 1st overtime period - Patrice Bergeron wins face-off versus Henrik Zetterberg in neutral zone.
0:42 of 1st overtime period - Ryan O'Byrne is hit by Tyler Toffoli and loses puck.
0:53 of 1st overtime period - Kris Versteeg is hit by Maxim Lapierre and loses puck.
1:06 of 1st overtime period - Snap shot by Connor Brown.
1:06 of 1st overtime period - Stopped by James Reimer with a rebound.
1:08 of 1st overtime period - Snap shot by Mike Richards.
1:08 of 1st overtime period - Goal by Mike Richards - Oilers : 1 - Red Wings : 2.
Goals for this period are 0 for Oilers vs 1 for Red Wings.
Shots for this period are 0 for Oilers vs 2 for Red Wings.